General information
- name: BNet
- type: Ladder team game (AT/RT)
- host: Battle.net
- saver: GLOMGOLD
map: Highperch
- players: 6
- length: 32:34
- speed: Fast
- version: 1.26 W3XP
- replay type: Public
» download(205 KB)
Players
team 1 (winner)
or.hunter (
teal | 110 APM | 3579 actions | 32:32)
5 Mountain King
3 Storm Bolt
2 Thunder Clap
3 Paladin
2 Holy Light
1 Divine Shield
2 Archmage
1 Blizzard
1 Brilliance Aura
» actions
| Assign group hotkey | 94 | |
| Basic commands | 362 | |
| Build / train | 98 | |
| ESC pressed | 4 | |
| Enter build submenu | 39 | |
| Enter hero's abilities submenu | 10 | |
| Give item / drop item | 5 | |
| Right click | 821 | |
| Select / deselect | 544 | |
| Select group hotkey | 1438 | |
| Use ability | 164 | |
3579 total
» units
| Peasant | 12 | |
| Rifleman | 12 | |
| Mortar Team | 8 | |
| Siege Engine | 5 | |
| Sorceress | 2 | |
39 total
» upgrades
| Gunpowder | 3 | |
| Armor | 3 | |
| Long Rifles | 1 | |
| Fragmentation Shards | 1 | |
| Flare | 1 | |
| Barrage | 1 | |
| Masonry | 1 | |
| Sorceress Training | 1 | |
12 total
» buildings
| Altar of Kings | 1 | |
| Blacksmith | 1 | |
| Farm | 11 | |
| Barracks | 1 | |
| Keep | 1 | |
| Lumber Mill | 1 | |
| Arcane Vault | 2 | |
| Workshop | 2 | |
| Castle | 1 | |
| Town Hall | 1 | |
| Arcane Sanctum | 1 | |
23 total
» build order
00:15 Altar of Kings
00:20 Blacksmith
00:30 Farm
01:18 Barracks
01:35 Farm
02:14 Farm
03:03 Farm
03:48 Farm
04:45 Keep
05:22 Lumber Mill
05:41 Arcane Vault
07:28 Workshop
08:15 Farm
08:18 Farm
09:06 Farm
09:07 Farm
09:13 Farm
09:50 Arcane Vault
11:28 Castle
12:34 Town Hall
19:57 Workshop
22:38 Farm
29:47 Arcane Sanctum
» items
| Lesser Clarity Potion | 9 | |
| Healing Salve | 1 | |
| Potion of Lesser Invulnerability | 1 | |
| Scroll of Protection | 1 | |
| Potion of Healing | 5 | |
| Potion of Mana | 4 | |
| Orb of Fire | 2 | |
| Scroll of Town Portal | 4 | |
| Scroll of Regeneration | 2 | |
29 total

»
exorcist (
purple | 48 APM | 1578 actions | 32:32)
7 Blademaster
3 Wind Walk
3 Critical Strike
1 Bladestorm
» actions
| Assign group hotkey | 3 | |
| Basic commands | 1 | |
| Build / train | 55 | |
| Enter build submenu | 16 | |
| Enter hero's abilities submenu | 7 | |
| Give item / drop item | 2 | |
| Right click | 1088 | |
| Select / deselect | 276 | |
| Select group hotkey | 53 | |
| Use ability | 77 | |
1578 total
» units
| Peon | 9 | |
| Troll Batrider | 12 | |
| Wind Rider | 3 | |
24 total
» upgrades
| Liquid Fire | 1 | |
| Envenomed Spears | 1 | |
| Ranged Weapons | 2 | |
| Shaman Training | 2 | |
6 total
» buildings
| Altar of Storms | 1 | |
| Orc Burrow | 7 | |
| Voodoo Lounge | 1 | |
| War Mill | 1 | |
| Stronghold | 1 | |
| Beastiary | 3 | |
| Fortress | 1 | |
| Spirit Lodge | 1 | |
16 total
» build order
00:06 Altar of Storms
00:19 Orc Burrow
01:05 Voodoo Lounge
01:28 War Mill
02:25 Stronghold
02:42 Orc Burrow
03:50 Orc Burrow
04:48 Beastiary
04:50 Fortress
04:55 Beastiary
06:34 Orc Burrow
06:37 Beastiary
09:04 Orc Burrow
13:46 Orc Burrow
18:00 Spirit Lodge
18:06 Orc Burrow
» items
| Healing Salve | 2 | |
| Lesser Clarity Potion | 3 | |
| Boots of Speed | 1 | |
| Circlet of Nobility | 2 | |
| Periapt of Vitality | 1 | |
| Scroll of Regeneration | 1 | |
| Scroll of Town Portal | 3 | |
| Orb of Lightning | 1 | |
14 total
GLOMGOLD (
yellow | 54 APM | 1769 actions | 32:34)
4 Archmage
2 Blizzard
2 Brilliance Aura
4 Blood Mage
2 Flame Strike
2 Siphon Mana
» actions
| Assign group hotkey | 7 | |
| Basic commands | 14 | |
| Build / train | 114 | |
| ESC pressed | 2 | |
| Enter build submenu | 82 | |
| Enter hero's abilities submenu | 8 | |
| Give item / drop item | 3 | |
| Remove unit from queue | 1 | |
| Right click | 391 | |
| Select / deselect | 325 | |
| Select group hotkey | 619 | |
| Use ability | 203 | |
1769 total
» units
| Peasant | 13 | |
| Sorceress | 1 | |
| Priest | 1 | |
| Dragonhawk Rider | 7 | |
22 total
» upgrades
| Masonry | 3 | |
| Lumber Harvesting | 1 | |
| Sorceress Training | 1 | |
| Magic Sentry | 1 | |
6 total
» buildings
| Altar of Kings | 1 | |
| Farm | 7 | |
| Lumber Mill | 1 | |
| Scout Tower | 102 | |
| Arcane Vault | 1 | |
| Arcane Tower | 1 | |
| Keep | 1 | |
| Guard Tower | 61 | |
| Arcane Sanctum | 1 | |
| Town Hall | 2 | |
| Gryphon Aviary | 1 | |
| Castle | 1 | |
180 total
» build order
00:07 Altar of Kings
00:19 Farm
00:20 Farm
01:07 Lumber Mill
01:15 Scout Tower
01:38 Arcane Vault
01:59 Arcane Tower
02:47 Scout Tower
02:53 Scout Tower
02:54 Scout Tower
03:00 Keep
03:03 Farm
03:09 Scout Tower
03:16 Guard Tower
03:19 Guard Tower
03:34 Scout Tower
03:42 Scout Tower
03:43 Guard Tower
03:50 Scout Tower
03:53 Guard Tower
03:54 Scout Tower
04:12 Guard Tower
04:14 Scout Tower
04:16 Guard Tower
04:18 Scout Tower
04:35 Guard Tower
04:37 Scout Tower
04:55 Guard Tower
04:57 Scout Tower
04:59 Guard Tower
05:07 Guard Tower
05:09 Scout Tower
05:15 Scout Tower
05:28 Guard Tower
05:40 Guard Tower
05:47 Arcane Sanctum
06:49 Scout Tower
06:50 Scout Tower
07:02 Scout Tower
07:03 Guard Tower
07:14 Scout Tower
07:20 Scout Tower
07:47 Guard Tower
07:58 Guard Tower
08:00 Scout Tower
08:01 Scout Tower
08:07 Guard Tower
08:09 Scout Tower
08:51 Guard Tower
09:01 Scout Tower
09:03 Guard Tower
09:06 Scout Tower
09:27 Scout Tower
09:38 Town Hall
09:59 Town Hall
10:09 Guard Tower
10:10 Scout Tower
10:20 Scout Tower
10:22 Scout Tower
11:34 Guard Tower
11:35 Scout Tower
11:37 Scout Tower
11:38 Scout Tower
11:38 Scout Tower
11:46 Scout Tower
11:47 Scout Tower
11:48 Guard Tower
12:27 Guard Tower
12:54 Guard Tower
12:56 Scout Tower
13:30 Guard Tower
13:56 Scout Tower
13:57 Scout Tower
13:58 Scout Tower
14:09 Guard Tower
14:11 Scout Tower
14:12 Scout Tower
14:12 Scout Tower
14:13 Scout Tower
14:14 Scout Tower
14:19 Gryphon Aviary
14:39 Guard Tower
15:02 Guard Tower
15:05 Guard Tower
15:05 Guard Tower
15:47 Scout Tower
15:47 Scout Tower
15:48 Scout Tower
15:49 Guard Tower
16:15 Guard Tower
16:19 Scout Tower
16:19 Scout Tower
16:20 Scout Tower
16:21 Scout Tower
17:11 Guard Tower
17:13 Scout Tower
17:13 Scout Tower
17:14 Scout Tower
17:23 Farm
17:25 Farm
17:25 Farm
17:30 Guard Tower
17:33 Scout Tower
17:33 Scout Tower
17:34 Scout Tower
18:09 Guard Tower
18:11 Castle
18:54 Guard Tower
18:55 Scout Tower
19:06 Guard Tower
19:14 Farm
19:32 Guard Tower
19:33 Scout Tower
19:34 Scout Tower
19:34 Scout Tower
19:49 Guard Tower
19:51 Scout Tower
19:51 Scout Tower
20:33 Guard Tower
20:36 Guard Tower
20:38 Scout Tower
20:39 Scout Tower
20:40 Scout Tower
20:41 Scout Tower
20:41 Scout Tower
20:42 Scout Tower
20:53 Guard Tower
20:54 Scout Tower
20:55 Scout Tower
20:56 Scout Tower
20:58 Scout Tower
21:31 Guard Tower
22:02 Guard Tower
22:04 Scout Tower
22:05 Scout Tower
22:07 Scout Tower
22:07 Scout Tower
22:32 Guard Tower
23:19 Guard Tower
23:21 Guard Tower
23:24 Scout Tower
23:25 Scout Tower
23:26 Guard Tower
23:29 Scout Tower
23:30 Scout Tower
23:30 Scout Tower
23:44 Guard Tower
23:53 Guard Tower
24:35 Guard Tower
25:22 Scout Tower
25:23 Scout Tower
25:24 Scout Tower
25:24 Scout Tower
26:25 Guard Tower
27:19 Guard Tower
27:22 Guard Tower
27:23 Scout Tower
27:24 Scout Tower
28:14 Scout Tower
28:15 Scout Tower
28:21 Guard Tower
28:25 Scout Tower
28:48 Guard Tower
28:58 Scout Tower
28:59 Scout Tower
28:59 Scout Tower
29:43 Guard Tower
30:09 Scout Tower
30:10 Scout Tower
30:12 Guard Tower
30:23 Guard Tower
30:25 Scout Tower
30:26 Scout Tower
30:39 Guard Tower
30:42 Scout Tower
30:42 Scout Tower
30:42 Scout Tower
30:43 Scout Tower
32:27 Guard Tower
» items
| Healing Salve | 1 | |
| Staff of Teleportation | 2 | |
| Ivory Tower | 4 | |
| Lesser Clarity Potion | 4 | |
11 total
team 2 (loser)
spaz (
red | 115 APM | 3738 actions | 32:31)
3 Death Knight
2 Death Coil
1 Unholy Aura
2 Lich
1 Frost Nova
1 Frost Armor
1 Dreadlord
1 Carrion Swarm
» actions
| Assign group hotkey | 36 | |
| Basic commands | 260 | |
| Build / train | 61 | |
| Enter build submenu | 29 | |
| Enter hero's abilities submenu | 6 | |
| Give item / drop item | 2 | |
| Right click | 1478 | |
| Select / deselect | 419 | |
| Select group hotkey | 1362 | |
| Use ability | 85 | |
3738 total
» units
| Acolyte | 10 | |
| Ghoul | 3 | |
| Crypt Fiend | 11 | |
| Obsidian Statue | 1 | |
| Meatwagon | 1 | |
26 total
» upgrades
» buildings
| Graveyard | 1 | |
| Crypt | 1 | |
| Altar of Darkness | 1 | |
| Ziggurat | 12 | |
| Tomb of Relics | 1 | |
| Nerubian Tower | 2 | |
| Halls of the Dead | 2 | |
| Slaughterhouse | 2 | |
| Sacrificial Pit | 1 | |
| Necropolis | 2 | |
| Spirit Tower | 6 | |
| Black Citadel | 4 | |
| Temple of the Damned | 1 | |
| Boneyard | 2 | |
38 total
» build order
00:09 Graveyard
00:12 Crypt
00:43 Altar of Darkness
01:00 Ziggurat
01:37 Tomb of Relics
02:21 Ziggurat
03:09 Nerubian Tower
04:39 Halls of the Dead
05:09 Ziggurat
07:06 Slaughterhouse
07:18 Ziggurat
09:26 Slaughterhouse
10:13 Sacrificial Pit
10:31 Ziggurat
11:05 Necropolis
11:32 Spirit Tower
11:32 Spirit Tower
11:47 Ziggurat
11:49 Nerubian Tower
14:52 Necropolis
14:54 Ziggurat
15:00 Ziggurat
15:04 Ziggurat
15:06 Spirit Tower
16:29 Spirit Tower
16:30 Spirit Tower
16:31 Spirit Tower
16:35 Halls of the Dead
18:56 Black Citadel
18:56 Black Citadel
19:23 Temple of the Damned
27:04 Ziggurat
27:05 Ziggurat
28:54 Boneyard
28:55 Boneyard
29:00 Ziggurat
» items
| Rod of Necromancy | 2 | |
| Dust of Appearance | 2 | |
| Potion of Healing | 1 | |
| Scroll of Town Portal | 1 | |
| Staff of Sanctuary | 2 | |
| Orb of Corruption | 1 | |
| Orb of Fire | 1 | |
10 total
phlashphire (
orange | 53 APM | 1542 actions | 29:19)
4 Archmage
2 Summon Water Elemental
1 Brilliance Aura
1 Blizzard
1 Mountain King
1 Storm Bolt
» actions
| Assign group hotkey | 51 | |
| Basic commands | 16 | |
| Build / train | 99 | |
| Enter build submenu | 25 | |
| Enter hero's abilities submenu | 5 | |
| Remove unit from queue | 1 | |
| Right click | 650 | |
| Select / deselect | 416 | |
| Select group hotkey | 185 | |
| Use ability | 94 | |
1542 total
» units
| Peasant | 25 | |
| Footman | 11 | |
| Razormane Medicine Man | 1 | |
| Dragonhawk Rider | 14 | |
| Knight | 4 | |
| Siege Engine | 9 | |
64 total
» upgrades
| Defend | 1 | |
| Plating | 1 | |
| Swords | 2 | |
| Lumber Harvesting | 1 | |
| Cloud | 1 | |
| Armor | 2 | |
| Barrage | 1 | |
| Animal War Training | 2 | |
| Gunpowder | 1 | |
12 total
» buildings
| Altar of Kings | 1 | |
| Farm | 8 | |
| Barracks | 1 | |
| Lumber Mill | 1 | |
| Town Hall | 1 | |
| Scout Tower | 5 | |
| Arcane Vault | 1 | |
| Arcane Tower | 2 | |
| Guard Tower | 3 | |
| Keep | 1 | |
| Blacksmith | 1 | |
| Workshop | 1 | |
| Gryphon Aviary | 1 | |
| Castle | 1 | |
28 total
» build order
00:14 Altar of Kings
00:22 Farm
00:38 Barracks
01:11 Farm
01:29 Lumber Mill
02:14 Farm
03:30 Town Hall
03:33 Scout Tower
03:35 Scout Tower
03:39 Arcane Vault
03:46 Scout Tower
04:17 Arcane Tower
04:19 Guard Tower
04:20 Guard Tower
04:34 Farm
06:55 Keep
07:32 Blacksmith
09:24 Workshop
09:57 Farm
10:36 Scout Tower
11:35 Gryphon Aviary
11:49 Arcane Tower
12:41 Castle
15:06 Scout Tower
16:05 Guard Tower
18:56 Farm
21:53 Farm
22:06 Farm
» items
| Dust of Appearance | 1 | |
| Potion of Lesser Invulnerability | 1 | |
| Scroll of Protection | 1 | |
| Scroll of Healing | 1 | |
| Potion of Healing | 1 | |
| Scroll of Town Portal | 1 | |
| Scroll of Regeneration | 1 | |
7 total
Armage (
pink | 43 APM | 1286 actions | 29:48)
3 Goblin Alchemist
2 Healing Spray
1 Acid Bomb
2 Shadow Hunter
1 Hex
1 Healing Wave
1 Blademaster
1 Wind Walk
» actions
| Assign group hotkey | 7 | |
| Basic commands | 11 | |
| Build / train | 72 | |
| Enter build submenu | 39 | |
| Enter hero's abilities submenu | 6 | |
| Give item / drop item | 1 | |
| Remove unit from queue | 1 | |
| Right click | 730 | |
| Select / deselect | 326 | |
| Select group hotkey | 19 | |
| Use ability | 74 | |
1286 total
» units
| Peon | 23 | |
| Grunt | 13 | |
| Tauren | 4 | |
| Shaman | 2 | |
42 total
» upgrades
| Armor | 3 | |
| Melee Weapons | 3 | |
| Shaman Training | 2 | |
| Pillage | 1 | |
| Reinforced Defenses | 1 | |
| Pulverize | 1 | |
| Spiked Barricades | 2 | |
13 total
» buildings
| Altar of Storms | 1 | |
| Orc Burrow | 8 | |
| Barracks | 1 | |
| War Mill | 1 | |
| Stronghold | 1 | |
| Voodoo Lounge | 3 | |
| Spirit Lodge | 1 | |
| Watch Tower | 16 | |
| Fortress | 1 | |
| Great Hall | 1 | |
| Tauren Totem | 2 | |
| Beastiary | 1 | |
37 total
» build order
00:26 Altar of Storms
00:30 Orc Burrow
01:11 Barracks
01:27 Orc Burrow
01:58 War Mill
02:15 Orc Burrow
03:32 Stronghold
03:45 Voodoo Lounge
03:49 Voodoo Lounge
05:35 Orc Burrow
07:08 Spirit Lodge
07:28 Watch Tower
07:38 Fortress
07:53 Watch Tower
09:59 Watch Tower
10:01 Watch Tower
10:06 Great Hall
10:12 Watch Tower
10:22 Tauren Totem
10:23 Tauren Totem
11:12 Watch Tower
11:14 Watch Tower
11:29 Watch Tower
13:23 Watch Tower
13:36 Watch Tower
14:32 Watch Tower
14:37 Watch Tower
14:42 Watch Tower
14:55 Watch Tower
16:04 Watch Tower
16:14 Watch Tower
16:28 Orc Burrow
17:57 Orc Burrow
18:15 Voodoo Lounge
19:16 Orc Burrow
22:41 Orc Burrow
24:43 Beastiary
» items
| Lesser Clarity Potion | 2 | |
| Healing Salve | 1 | |
| Scroll of Regeneration | 1 | |
| Orb of Fire | 1 | |
5 total
Chat log
(00:23 / Allies) GLOMGOLD: get batz plz
(00:30 / Allies) exorcist: me?
(00:45 / Allies) exorcist: alrighty
(00:47 / Allies) GLOMGOLD: :D
(03:47 / All) GLOMGOLD: well hello young glommers
(05:51 / Allies) GLOMGOLD: GLOM ME SOME LUMBZ
(06:57 / All) GLOMGOLD: ya didnt do a great job young nabbers
(09:21 / Allies) GLOMGOLD: LUMBZ
(12:05 / Allies) exorcist: attack plz
(12:05 / All) GLOMGOLD: so how did you like your glomming
(14:28 / All) GLOMGOLD: you glommers are not doing a great job
(15:11 / Allies) GLOMGOLD: LUMBZ
(15:30 / All) spaz: fuckin noobs
(15:41 / All) GLOMGOLD: this young glommer is having a tantrum
(15:46 / All) spaz: fucku asshole
(15:56 / All) spaz: u think this is funny i dont want to play a fuckin 6 hour game
(16:06 / All) GLOMGOLD: "spaz" lives up to his name
(16:13 / All) spaz: fuck u bitch
(16:23 / All) spaz: if i find in real live ill fuck ur shit up
(16:24 / All) GLOMGOLD: spaz uses flail!
(16:42 / All) GLOMGOLD: my name irl is glomgold mcquack
(17:07 / All) GLOMGOLD: I live in Duckburg
(17:17 / All) GLOMGOLD: come and get me b1tch
(17:59 / All) GLOMGOLD: FELIZ NAVIDAD
(18:57 / All) GLOMGOLD: U GOT GLOMMED
(19:39 / All) GLOMGOLD: how much gold have you glommed red
(19:49 / All) phlashphire: he's saving for college
(19:56 / All) phlashphire: leave the douche alone
(20:07 / All) GLOMGOLD: LOL
(21:28 / Allies) exorcist: need some god now haha
(22:22 / All) GLOMGOLD: BUEN POKING
(23:37 / All) GLOMGOLD: how do you rate your glomming experience
(24:00 / Allies) exorcist: money plz
(24:28 / Allies) exorcist: money for tp plz
(24:29 / All) GLOMGOLD: ya didnt do a great job young glommer
(24:47 / Allies) exorcist: 100 more
(25:11 / Allies) exorcist: 100 more gold
(26:31 / All) GLOMGOLD: well you young glommers are still here
(27:26 / All) GLOMGOLD: come and get us bois
(27:31 / Allies) exorcist: need to get tp
(27:36 / Allies) exorcist: 400 gold plz
(29:28 / All) GLOMGOLD: good glomming with ya gents
(30:05 / All) GLOMGOLD: so why are you named spaz
(30:45 / Allies) GLOMGOLD: LUMBZ
(31:39 / All) GLOMGOLD: GLOM EM UP BOIS
(32:07 / All) GLOMGOLD: RIP fallen glommers
(32:21 / All) spaz: noob faggot
(32:24 / All) spaz: get real skill
(32:30 / All) spaz: towers are trash